 Dungeon Crawl Stone Soup version 0.20.0-10-g0535bb4 (webtiles) character file.

595 Zwobot the Chopper (level 7, 36/51 HPs)
             Began as a Demonspawn Wanderer on June 4, 2017.
             Was an Initiate of Ru.
             Quit the game on level 4 of the Dungeon.
             The game lasted 00:09:55 (5203 turns).

Zwobot the Chopper (Demonspawn Wanderer)            Turns: 5203, Time: 00:09:55

Health: 36/51      AC:  6    Str: 14    XL:     7   Next: 17%
Magic:  6/7        EV:  9    Int: 14    God:    Ru [......]
Gold:   219        SH:  4    Dex: 12    Spells: 6/6 levels left

rFire    . . .     SeeInvis +   a - +2 hand axe
rCold    . . .     Gourm    .   (no shield)
rNeg     . . .     Faith    .   v - +0 scale mail
rPois    .         Spirit   +   (helmet restricted)
rElec    .         Reflect  +   (no cloak)
rCorr    .         Harm     .   (no gloves)
MR       .....                  (no boots)
Stlth    ..........             g - +4 amulet of reflection
Regen    0.2/turn               j - ring of see invisible
MPRegen  0.1/turn               (no ring)

@: mildly poisoned (36 -> 35)
A: antennae 1, hooves 1, magic shield
a: Sacrifice Health, Sacrifice Words, Sacrifice Arcana, Reject Sacrifices,
Renounce Religion


You were on level 4 of the Dungeon.
You worshipped Ru.
Ru was noncommittal.
You were not hungry.

You visited 1 branch of the dungeon, and saw 4 of its levels.

You collected 219 gold pieces.

Inventory:

Hand Weapons
 a - a +2 hand axe (weapon)
 r - a +0 war axe
 x - a +0 blowgun
Missiles
 c - 5 curare-tipped needles
Armour
 d - a +0 robe
 o - a +0 ring mail
 v - a +0 scale mail (worn)
Jewellery
 g - a +4 amulet of reflection (around neck)
 j - a ring of see invisible (left hand)
 t - an uncursed ring of fire
Scrolls
 b - 2 scrolls of teleportation
 h - a scroll of immolation {unknown}
 m - a scroll of noise {unknown}
 n - a scroll of magic mapping {unknown}
 p - a scroll of remove curse
 u - 2 scrolls of identify {unknown}
 w - a scroll of recharging {unknown}
Potions
 e - a potion of haste {unknown}
 k - a potion of flight {unknown}
 l - a potion of agility {unknown}
 q - a potion of resistance {unknown}
 s - a potion of mutation {unknown}
 B - a potion of brilliance {unknown}
Comestibles
 f - 4 bread rations
 i - 2 fruits
 z - a royal jelly
 A - a chunk of flesh


   Skills:
 + Level 2.7 Fighting
 * Level 7.5 Axes
 - Level 1.0 Throwing
 + Level 2.6 Armour
   Level 1.0 Shields


You had 6 spell levels left.
You didn't know any spells.

Dungeon Overview and Level Annotations

Branches:
Dungeon (4/15)             Temple (0/1) D:4

Altars:
Hepliaklqana
Okawaru
Ru
Uskayaw


Innate Abilities, Weirdness & Mutations

You have a pair of small antennae on your head.
You have large cloven feet.
When hurt, damage is shared between your health and your magic reserves.


Message History

You hit the adder but do no damage. The adder bites you but does no damage.
The ooze hits you.
You hit the ooze.
You kill the ooze!
You hit the adder. The adder bites you.
You are poisoned.
The adder poisons you! The adder bites you.
You hit the adder. You kick the adder, but do no damage.
The adder is severely wounded.
You feel sick. The adder barely misses you.
Ru believes you are ready to make a new sacrifice.
You hit the adder. Your kick misses the adder.
The adder is almost dead.
The adder bites you.
You slash the adder!
You kill the adder!
You feel sick.
Okay, then.
Unknown command.
Are you sure you want to abandon this character and quit the game? (Confirm with "yes".)

.# #.# .... .###.##.....
###.### ..##....#...
##.....## ..
..##...##....#.......#...
.............#.......#...
......#.........._?.....
..#..........#.......#
......#####..#.......#
....<.#####..##.@?..#
#............####.####..
.......###.............#
..........>...........##
......##..#...........#
...####..####.........#
...#.(..## #...#######
#....#### #...# #..###
#...#


There were no monsters in sight!

Vanquished Creatures
  A hippogriff (D:3)
  A phantom (D:4)
  3 hounds
  A hound skeleton (D:4)
  8 gnolls
  8 adders
  An ooze (D:4)
  5 worms
  2 dart slugs (D:2)
  3 leopard geckos (D:1)
  2 orcs
  4 giant cockroaches
  4 goblins
  7 hobgoblins
  3 quokkas
  9 bats
  7 frilled lizards
  4 kobolds
  12 rats
85 creatures vanquished.

Vanquished Creatures (others)
  A fungus (D:2)
1 creature vanquished.

Grand Total: 86 creatures vanquished

Notes
Turn   | Place    | Note
-------+----------+-------------------------------------------
     0 | D:1      | Zwobot the Demonspawn Wanderer began the quest for the Orb.
     0 | D:1      | Zwobot set off with: a +2 hand axe, a scroll of teleportation, a potion of curing, a +0 robe, a bread ration
     0 | D:1      | Reached XP level 1. HP: 16/16 MP: 1/1
   375 | D:1      | Reached skill level 4 in Axes
   377 | D:1      | Gained mutation: You have a pair of small antennae on your head. [demonic ancestry]
   377 | D:1      | Reached XP level 2. HP: 9/22 MP: 2/2
  1405 | D:2      | Reached XP level 3. HP: 26/27 MP: 3/3
  1590 | D:2      | Found a hide-covered altar of Uskayaw.
  1594 | D:2      | Noticed a hand axe
  1596 | D:2      | Noticed a hand axe
  1695 | D:2      | Found a sacrificial altar of Ru.
  1702 | D:2      | Became a worshipper of Ru the Awakened
  1898 | D:2      | Reached skill level 5 in Axes
  2007 | D:2      | HP: 1/27 [gnoll/flail (11)]
  2016 | D:2      | Reached XP level 4. HP: 13/33 MP: 4/4
  2576 | D:2      | Found an iron altar of Okawaru.
  3106 | D:3      | Noticed a hippogriff
  3115 | D:3      | Reached XP level 5. HP: 34/38 MP: 5/5
  3435 | D:3      | Killed a hippogriff
  3435 | D:3      | Reached skill level 6 in Axes
  3435 | D:3      | Gained mutation: You have large cloven feet. [demonic ancestry]
  3435 | D:3      | Reached XP level 6. HP: 44/44 MP: 6/6
  4350 | D:4      | Reached skill level 7 in Axes
  4742 | D:4      | Gained mutation: When hurt, damage is shared between your health and your magic reserves. [demonic ancestry]
  4742 | D:4      | Reached XP level 7. HP: 6/51 MP: 7/7
  5149 | D:4      | Found a staircase to the Ecumenical Temple.
  5193 | D:4      | Found a hazy altar of Hepliaklqana.
  5203 | D:4      | Quit the game

Skill      XL: |  1  2  3  4  5  6 |
---------------+-------------------+-----
Axes           | 4 5 6 7 |  7.5
Armour         | 2 |  2.6
Fighting       | |  2.7
Throwing       | |  1.0
Shields        | |  1.0

Action                   |  1- 3 |  4- 6 |  7- 9 || total
-------------------------+-------+-------+-------++-------
Melee: Hand axe          |   130 |   220 |    36 ||   386
       Kick              |       |    24 |     5 ||    29
  Use: Potion            |     2 |     3 |       ||     5
       Scroll            |       |     2 |       ||     2
  Eat: Chunk             |     3 |     8 |     2 ||    13
       Fruit             |       |     1 |       ||     1
Armor: Robe              |    17 |       |       ||    17
       Ring mail         |    23 |     7 |       ||    30
       Scale mail        |       |    49 |    12 ||    61
       Skin              |       |    32 |       ||    32
Dodge: Dodged            |    84 |    83 |    15 ||   182
Block: Other             |     1 |    34 |     4 ||    39
       Reflection        |       |     1 |       ||     1
